Map: Croisement de Kairos EC

Players

Enwrath - Winner!

  • Race: Terran Terran
  • League: Diamond
  • Spawn Location: 11:00

Sorandom

  • Race: Zerg Zerg
  • League: Diamond
  • Spawn Location: 5:00

VOD

Have the link to the VOD?

Description

Time

  • Played on: April 23, 2019, 10:28 a.m.
  • Length: 11:29
Show
View Real Time Build Order
Export as new Build Order

Enwrath Terran - Winner!

Build Orders: Cyclone Opening 

Get SALT Encoding   

  12  0:00  SCV  
  13  0:17  Supply Depot, SCV  
  14  0:29  SCV  
  15  0:40  Barracks  
  15  0:42  SCV  
  16  0:48  Refinery  
  16  0:54  SCV  
  17  1:02  Refinery  
  17  1:06  SCV  
  18  1:13  Supply Depot  
  18  1:18  SCV  
  19  1:30  Orbital Command  
  19  1:31  Reaper  
  20  1:53  Factory  
  20  1:55  SCV  
  21  2:06  Barracks Tech Lab  
  21  2:07  SCV  
  22  2:19  SCV  
  23  2:27  Command Center  
  23  2:32  SCV  
  24  2:46  Cyclone  
  24  2:48  Bunker, Marine  
  28  2:54  SCV  
  28  3:05  Marine  
  25  3:35  Marine  
  25  3:38  Supply Depot, Factory Tech Lab  
  20  3:53  Marine  
  21  4:01  Cyclone  
  23  4:11  Marine  
  23  4:24  Orbital Command  
  23  4:29  Marine  
  24  4:33  Cyclone  
  27  4:46  Marine  
  27  4:48  Supply Depot  
  28  5:01  Factory, SCV x2  
  28  5:04  Marine  
  28  5:05  Siege Tank  
  34  5:13  SCV  
  35  5:20  SCV  
  36  5:22  Marine  
  36  5:25  SCV  
  38  5:29  Starport  
  38  5:33  SCV  
  39  5:40  SCV  
  40  5:44  Cyclone  
  40  5:45  SCV, Marine  
  45  5:50  Supply Depot  
  45  5:51  Supply Depot  
  45  5:57  Orbital Command  
  45  5:59  Command Center  
  45  6:16  Siege Tank  
  48  6:19  Hellion  
  48  6:21  Bunker  
  49  6:37  Liberator  
  49  6:39  Orbital Command  
  46  6:52  Cyclone  
  46  6:54  Factory Tech Lab  
  52  7:13  SCV  
  52  7:15  Orbital Command  
  53  7:16  Cyclone  
  56  7:31  Refinery  
  56  7:34  Refinery  
  56  7:36  Bunker  
  55  7:51  SCV x3  
  57  7:53  Supply Depot  
  57  7:54  Cyclone x2  
  64  8:06  Supply Depot  
  64  8:13  Liberator  
  64  8:16  SCV  
  65  8:20  Armory  
  65  8:27  Hellion  
  67  8:28  SCV  
  71  8:37  Factory  
  71  8:56  SCV x2  
  71  8:58  Supply Depot  
  73  9:06  Cyclone, Factory  
  73  9:07  Hellion  
  73  9:28  Hellion  
  72  9:55  Cyclone x2  
  78  10:28  Hellion x2  
  76  10:49  Cyclone x2  
  79  10:57  Orbital Command  
  79  11:04  Factory  
  79  11:05  Factory  
  73  11:14  SCV x2  
Show
View Real Time Build Order
Export as new Build Order

Sorandom Zerg 

Build Orders: Pool First, Ravager All-In 

Get SALT Encoding   

  12  0:18  Spawning Pool  
  11  0:23  Drone  
  11  0:28  Drone  
  13  0:38  Drone  
  13  0:42  Extractor  
  13  0:43  Extractor  
  13  0:45  Drone  
  13  0:46  Drone  
  14  1:07  Roach Warren  
  13  1:11  Drone  
  13  1:13  Overlord  
  14  1:24  Overlord  
  14  1:47  Roach  
  14  1:48  Roach  
  14  1:50  Roach  
  20  2:08  Ravager x2  
  22  2:17  Ravager  
  23  2:25  Roach  
  25  2:34  Roach x2  
  29  3:04  Overlord x2  
  29  3:17  Ravager  
  21  3:51  Roach  
  21  3:52  Roach x2  
  27  4:04  Ravager  
  27  4:05  Ravager  
  27  4:07  Roach  
  31  4:23  Roach  
  33  4:37  Drone  
  33  4:38  Drone  
  32  4:50  Hatchery  
  32  4:51  Ravager x3  
  34  5:11  Drone x3  
  37  5:21  Queen, Spore Crawler  
  38  5:30  Overlord  
  38  5:38  Overlord  
  38  5:52  Drone  
  39  5:57  Lair  
  39  6:02  Queen  
  41  6:07  Drone  
  42  6:13  Drone  
  42  6:14  Drone  
  44  6:20  Spore Crawler  
  44  6:23  Drone  
  44  6:29  Drone  
  39  6:45  Drone x6  
  43  6:51  Spine Crawler  
  42  6:58  Overseer  
  42  7:04  Drone x2  
  44  7:15  Overlord x2  
  44  7:23  Overlord  
  44  7:33  Queen x2  
  44  7:35  Drone x4  
  52  7:39  Evolution Chamber  
  51  7:45  Spine Crawler  
  51  7:48  Drone x2  
  51  7:49  Drone  
  53  8:01  Spire  
  53  8:04  Evolution Chamber  
  51  8:06  Baneling Nest  
  50  8:21  Queen x2  
  50  8:22  Drone x3  
  50  8:24  Drone  
  58  8:36  Overlord x2  
  58  8:38  Hydralisk Den  
  57  8:50  Zerg Ground Armor Level 1  
  57  8:51  Zerg Missile Weapons Level 1  
  57  8:53  Overlord x2  
  57  9:12  Extractor  
  57  9:13  Corruptor, Extractor  
  40  9:30  Drone  
  40  9:31  Drone x9  
  47  9:42  Overlord x3  
  47  9:43  Spine Crawler  
  41  10:03  Roach x4  
  41  10:04  Queen x2  
  53  10:10  Roach  
  53  10:16  Roach  
  46  10:27  Corruptor, Spore Crawler  
  38  10:39  Roach  
  36  10:52  Roach  
  36  10:59  Drone  
  36  11:00  Drone  
  41  11:23  Hatchery  
Tags
 
Add a new tag
Caveats
  • Supply blocks, unpowered buildings, or Contaminate may cause inaccurate times.
  • Supply counts are checked every 10 seconds.